 Dungeon Crawl Stone Soup version 0.21-a0-241-g2cbab09 (webtiles) character file.

56 Herrn the Chopper (level 3, -1/29 HPs)
             Began as a Mummy Monk on Sept 3, 2017.
             Slain by a sky beast (5 damage)
             ... on level 3 of the Dungeon.
             The game lasted 00:02:49 (2209 turns).

Herrn the Chopper (Mummy Monk)                      Turns: 2209, Time: 00:02:50

Health: -1/29      AC:  3    Str: 14    XL:     3   Next: 71%
Magic:  3/3        EV: 13    Int: 10    God:
Gold:   95         SH:  0    Dex: 14    Spells: 2/2 levels left

rFire    x . .     SeeInvis .   a - +0 hand axe
rCold    + . .     Gourm    .   (no shield)
rNeg     + + +     Faith    .   c - +1 robe {MR+}
rPois    ∞         Spirit   .   (no helmet)
rElec    .         Reflect  .   (no cloak)
rCorr    .         Harm     .   (no gloves)
MR       +....                  (no boots)
Stlth    ++........             (no amulet)
HPRegen  0.09/turn              (no ring)
MPRegen  0.08/turn              (no ring)

@: no status effects
A: no food or potions, fire vulnerability, cold resistance 1, negative energy
resistance 3, torment resistance, unbreathing
a: no special abilities


You were on level 3 of the Dungeon.
You were not hungry.

You visited 1 branch of the dungeon, and saw 3 of its levels.

You collected 95 gold pieces.

Inventory:

Hand Weapons
 a - a +0 hand axe (weapon)
Armour
 b - a +0 robe
 c - a +1 robe of magic resistance (worn)
Scrolls
 d - a scroll of teleportation {unknown}
 e - a scroll of immolation {unknown}
 f - a scroll of amnesia {unknown}
 g - a scroll of noise {unknown}
 h - 3 scrolls of remove curse {unknown}
 i - a scroll of fear {unknown}


   Skills:
 + Level 3.2 Fighting
 + Level 3.3 Axes
 + Level 2.9 Dodging
 - Level 1.5 Stealth


You had 2 spell levels left.
You didn't know any spells.

Dungeon Overview and Level Annotations

Branches:
Dungeon (3/15)

Altars:
Elyvilon
Fedhas
Zin

Annotations:
D:2 Sigmund


Innate Abilities, Weirdness & Mutations

You do not eat or drink.
Your flesh is vulnerable to fire.
You are immune to poison.
Your flesh is cold resistant. (rC+)
You are immune to negative energy. (rN+++)
You are immune to unholy pain and torment.
You can survive without breathing.


Message History

No target in view!
No target in view!
No target in view!
No target in view!
No target in view!
No target in view!
No target in view!
No target in view!
No target in view!
No target in view!
No target in view!
You barely miss something. Something hits you but does no damage.
You hit something. Something hits you but does no damage.
You hit something. Something hits you but does no damage.
You miss something. Something hits you but does no damage.
You miss something. Something hits you. Something shocks you.
You barely miss something. Something hits you. Something shocks you.
* * * LOW HITPOINT WARNING * * *
Something hits you.
You die...

.............†..# #.##......
####..(####).<.######.##.#####
#...# #.)............#
#...#####...######.##.#
.........##.## #.)..#
###..........# ######
#.#.###.#### ..#.....>..#
##.#####.##@# #.##{#
#.##.######## #.........Y.#
####>.##....# #... ... #..._ .
...... .##....⌠


There were no monsters in sight!

Vanquished Creatures
  An adder (D:2)
  2 worms
  A dart slug (D:1)
  3 leopard geckos
  A ball python (D:3)
  7 bats
  2 giant cockroaches (D:1)
  2 hobgoblins
  4 jackals
  A quokka (D:2)
  2 frilled lizards (D:1)
  5 goblins
  2 kobolds (D:1)
  A rat (D:3)
34 creatures vanquished.

Notes
Turn   | Place    | Note
-------+----------+-------------------------------------------
     0 | D:1      | Herrn the Mummy Monk began the quest for the Orb.
     0 | D:1      | Reached XP level 1. HP: 18/18 MP: 1/1
   582 | D:1      | Reached XP level 2. HP: 24/24 MP: 2/2
  1355 | D:2      | Reached XP level 3. HP: 26/29 MP: 3/3
  1574 | D:2      | Noticed Sigmund
  2188 | D:3      | Found a glowing silver altar of Zin.
  2189 | D:3      | Noticed a sky beast
  2190 | D:3      | Found a blossoming altar of Fedhas.
  2190 | D:3      | Found a white marble altar of Elyvilon.
  2209 | D:3      | Slain by a sky beast

Vault maps used:
D:1:      dpeg_arrival_brainrot
D:2:      fiery_altar_vehumet, uniq_sigmund, uniq_terence
D:3:      grunt_temple_overflow_open, first_bread

Skill      XL: |  1  2  3 |
---------------+----------+-----
Axes           | 3 |  3.3
Fighting       | |  3.2
Dodging        | |  2.9
Stealth        | |  1.5

Action                   || total
-------------------------++-------
Melee: Hand axe          ||   144
 Stab: Sleeping          ||     5
Armor: Robe              ||    51
Dodge: Dodged            ||   147

Table legend:
 A = Spawn XP
 B = Non-spawn XP
 C = Spawn XP percentage of total XP
 D = Spawn monster count
 E = Non-spawn monster count
 F = Spawn count percentage of total count
 G = Total turns spent on level
                    A         B        C        D         E        F      G
               +---------+---------+-------+---------+---------+-------+---------
         Total |       3 |      78 |   3.7 |       2 |      32 |   5.9 |  2209
               +---------+---------+-------+---------+---------+-------+---------
           D:1 |       3 |      27 |  10.0 |       2 |      15 |  11.8 |  1070
           D:2 |       0 |      34 |   0.0 |       0 |       9 |   0.0 |   524
           D:3 |       0 |      17 |   0.0 |       0 |       8 |   0.0 |   615
               +---------+---------+-------+---------+---------+-------+---------
